Map: New Repugnancy LE

Players

Takker

  • Race: Protoss Protoss
  • League: Silver
  • Spawn Location: 1:00

Goston - Winner!

  • Race: Terran Terran
  • League: Silver
  • Spawn Location: 7:00

VOD

Have the link to the VOD?

Description

Time

  • Played on: May 27, 2019, 2:10 p.m.
  • Length: 9:52
Show
View Real Time Build Order
Export as new Build Order

Takker Protoss 

Build Orders:  

Get SALT Encoding   

  1  0:00  Probe  
  12  0:07  Probe  
  14  0:25  Pylon  
  14  0:31  Probe  
  15  0:43  Probe  
  15  0:45  Gateway  
  16  0:55  Probe  
  17  0:57  Pylon  
  17  1:06  Probe  
  18  1:12  Assimilator x2  
  18  1:15  Probe  
  19  1:37  Cybernetics Core  
  19  1:42  Zealot  
  21  2:09  Zealot  
  21  2:10  Pylon  
  21  2:12  Nexus  
  23  2:19  Assimilator  
  23  2:21  Probe  
  23  2:29  Probe  
  24  2:32  Warp Gate  
  24  2:36  Zealot  
  27  2:39  Probe  
  28  2:51  Probe  
  29  3:03  Stalker, Probe  
  32  3:15  Probe, Gateway  
  33  3:28  Probe  
  33  3:33  Zealot  
  36  3:40  Probe  
  37  3:50  Probe  
  37  3:52  Probe  
  39  4:00  Pylon  
  39  4:02  Probe  
  40  4:04  Probe  
  40  4:05  Pylon  
  40  4:06  Stalker  
  43  4:14  Probe  
  44  4:26  Protoss Air Weapons Level 1  
  44  4:27  Sentry  
  44  4:29  Probe  
  44  4:30  Probe  
  46  4:36  Stalker  
  46  4:37  Probe  
  46  4:38  Probe  
  52  4:49  Probe  
  52  4:51  Assimilator  
  53  5:01  Probe  
  54  5:10  Stalker  
  54  5:14  Probe  
  57  5:26  Probe  
  58  5:29  Robotics Facility  
  58  5:31  Stalker  
  60  5:38  Probe  
  61  5:49  Pylon  
  61  5:50  Probe  
  61  5:53  Pylon  
  61  5:56  Gateway  
  62  5:59  Pylon, Gateway x2  
  62  6:00  Gateway  
  62  6:01  Pylon  
  62  6:02  Probe  
  63  6:06  Pylon  
  63  6:11  Stalker x2  
  55  6:48  Probe  
  56  7:00  Probe  
  57  7:10  Forge  
  57  7:12  Probe  
  58  7:24  Probe  
  58  7:27  Stargate  
  58  7:28  Stargate  
  58  7:29  Stalker x3  
  65  7:30  Stalker x3  
  65  7:31  Stargate  
  71  7:46  Immortal  
  75  8:02  Photon Cannon  
  75  8:09  Stalker x4  
  81  8:14  Photon Cannon  
  81  8:18  Photon Cannon  
  75  8:26  Immortal  
  69  8:37  Stalker x2  
  69  8:38  Stalker  
  72  9:03  Stalker  
  72  9:04  Stalker x3  
  58  9:29  Probe  
Show
View Real Time Build Order
Export as new Build Order

Goston Terran - Winner!

Build Orders:  

Get SALT Encoding   

  12  0:00  SCV  
  13  0:13  SCV  
  14  0:17  Supply Depot  
  14  0:25  SCV  
  15  0:39  SCV  
  15  0:41  Barracks  
  16  0:45  Refinery  
  16  0:51  SCV  
  17  1:03  SCV  
  18  1:15  SCV  
  19  1:28  Orbital Command  
  19  1:30  Barracks Reactor  
  19  1:42  Command Center  
  19  1:52  Supply Depot  
  19  1:55  SCV  
  20  2:06  Factory  
  20  2:07  SCV  
  21  2:14  Marine x2  
  23  2:26  Supply Depot  
  23  2:29  SCV  
  24  2:35  Marine x2  
  26  2:41  SCV  
  26  2:43  Refinery  
  27  2:50  Starport, Supply Depot  
  27  2:53  Factory Tech Lab  
  27  2:55  SCV  
  27  2:58  Marine x2  
  28  3:01  SCV  
  31  3:19  Marine x2  
  33  3:20  Factory Tech Lab  
  33  3:24  SCV  
  34  3:39  Fusion Core  
  34  3:48  SCV  
  35  3:53  SCV  
  36  3:56  Marine x2  
  36  4:00  SCV  
  39  4:04  Barracks  
  39  4:05  SCV  
  40  4:21  Marine x2  
  42  4:24  SCV  
  42  4:27  SCV  
  44  4:33  Starport  
  44  4:37  SCV  
  45  4:39  SCV  
  45  4:41  Marine x2  
  48  4:49  SCV  
  48  4:51  SCV  
  50  4:54  Supply Depot  
  50  4:55  Barracks Tech Lab  
  50  4:57  Battlecruiser  
  50  4:58  Barracks  
  56  5:08  Orbital Command  
  56  5:13  Marine  
  56  5:14  Marine  
  58  5:16  Stimpack, Supply Depot  
  58  5:21  Marauder  
  60  5:32  SCV  
  61  5:39  Supply Depot  
  61  5:44  SCV  
  62  5:52  Refinery  
  62  5:54  SCV, Refinery  
  63  5:57  Barracks Reactor  
  63  6:00  Supply Depot  
  63  6:06  SCV  
  64  6:22  Supply Depot  
  64  7:00  Battlecruiser  
  70  7:03  Battlecruiser  
  76  7:11  Marine x2  
  76  7:12  Marauder, Marine  
  76  7:13  Marine  
  82  7:25  SCV  
  82  7:29  Supply Depot  
  83  7:31  Marine x2  
  83  7:32  Marine x2  
  87  7:52  Supply Depot  
  87  7:53  Marauder, Marine x2  
  87  7:54  Marine x2  
  93  8:04  Battlecruiser  
  99  8:13  Battlecruiser  
  99  8:14  Supply Depot  
  105  8:36  Supply Depot  
Tags
 
Add a new tag
Caveats
  • Supply blocks, unpowered buildings, or Contaminate may cause inaccurate times.
  • Supply counts are checked every 10 seconds.